[ AOE2 MATCH · #473302010 ]
UnrankedJurchens vs Saracens
[ REPLAY ANALYSIS · EXTRACTED FROM THE RECORDED GAME ]
Feudal
12:39
Castle
17:49
Imperial
33:06
| APM avg | 29.5 |
| APM peak | 74 |
| eAPM avg | 20.5 |
| Villagers / military | 146 / 1003 |
Focus
⚔️ 31.3% · 🌾 68.7%
Spearman ×559 · Steppe Lancer ×176 · Fire Lancer ×174 · Scout Cavalry ×79 · Trade Cart ×52 · Unknown (1908) ×11
Feudal
10:41
Castle
14:33
Imperial
30:58
| APM avg | 28.8 |
| APM peak | 54 |
| eAPM avg | 21.1 |
| Villagers / military | 133 / 792 |
Focus
⚔️ 42.8% · 🌾 57.2%
War Elephant ×559 · Camel Scout ×230 · Trade Cart ×74 · Trebuchet (Packed) ×3
Feudal
8:55
Castle
19:34
Imperial
31:15
| APM avg | 71.2 |
| APM peak | 142 |
| eAPM avg | 51.0 |
| Villagers / military | 152 / 455 |
Focus
⚔️ 69.5% · 🌾 30.5%
Mameluke ×366 · Mangonel ×53 · Trade Cart ×53 · Bombard Cannon ×15 · Battering Ram ×14 · Scout Cavalry ×6
Feudal
12:23
Castle
16:43
Imperial
32:00
| APM avg | 20.6 |
| APM peak | 44 |
| eAPM avg | 13.4 |
| Villagers / military | 211 / 225 |
Focus
⚔️ 31.2% · 🌾 68.8%
Spearman ×170 · Knight ×28 · Missionary ×13 · Battering Ram ×5 · Trebuchet (Packed) ×5 · Bombard Cannon ×3
Feudal
13:50
Castle
19:02
Imperial
34:48
| APM avg | 20.0 |
| APM peak | 72 |
| eAPM avg | 14.7 |
| Villagers / military | 119 / 822 |
Focus
⚔️ 35.2% · 🌾 64.8%
Cataphract ×392 · Militia ×271 · Spearman ×148 · Trade Cart ×14 · Bombard Cannon ×7 · Monk ×4
Feudal
12:13
Castle
16:12
Imperial
31:05
| APM avg | 60.3 |
| APM peak | 140 |
| eAPM avg | 38.2 |
| Villagers / military | 236 / 884 |
Focus
⚔️ 48.9% · 🌾 51.1%
Spearman ×722 · Longbowman ×151 · Trade Cart ×35 · Trebuchet (Packed) ×9 · Monk ×2
Match map
Initial resources + every placement click. Lines = walls · curves = elevation contours. ◆ gold · ⬟ stone · ● berries · ✦ relic · ◌ wall gap
Your base· ✓ Closed at 17:49 · 37t walls · no gate
Perseus's base· ✓ Closed at 14:33 · 0t walls · no gate
苏沐卿's base· Open — opponent sealed themselves in
马大帅's base· Open — opponent sealed themselves in
Ares's base· ✓ Closed at 19:02 · 37t walls · no gate
Louis supertramp's base· Open — opponent sealed themselves in
Smoothed initial terrain · ◌ = detected wall gap · hover for details
Inputs per minute
— Zeus101 - - Perseus
Build order — Zeus101
First 150 of 645 actions detected
| 0:04 | Build | House |
| 0:06 | Build | House |
| 0:08 | Create | Villager (Male) |
| 0:08 | Research | Loom |
| 0:09 | Create | Villager (Male) ×3 |
| 0:11 | Build | House |
| 1:28 | Build | Palisade Wall |
| 2:10 | Create | Villager (Male) |
| 2:10 | Create | Villager (Male) |
| 2:27 | Create | Villager (Male) |
| 2:27 | Create | Villager (Male) |
| 2:45 | Build | Palisade Wall |
| 2:54 | Create | Villager (Male) |
| 2:54 | Create | Villager (Male) |
| 3:11 | Create | Villager (Male) |
| 3:11 | Create | Villager (Male) |
| 4:00 | Create | Villager (Male) |
| 4:00 | Create | Villager (Male) |
| 4:00 | Create | Villager (Male) |
| 4:32 | Create | Villager (Male) |
| 4:32 | Create | Villager (Male) |
| 4:38 | Build | Lumber Camp |
| 4:54 | Create | Villager (Male) |
| 4:55 | Create | Villager (Male) |
| 4:55 | Create | Villager (Male) |
| 5:40 | Create | Villager (Male) |
| 5:40 | Create | Villager (Male) |
| 6:08 | Create | Villager (Male) |
| 6:08 | Create | Villager (Male) |
| 6:09 | Create | Villager (Male) |
| 6:16 | Build | Mill |
| 7:00 | Create | Villager (Male) |
| 7:00 | Create | Villager (Male) |
| 7:00 | Create | Villager (Male) |
| 7:01 | Create | Villager (Male) |
| 7:42 | Build | Mill |
| 7:48 | Build | House |
| 8:12 | Create | Villager (Male) |
| 8:31 | Create | Villager (Male) |
| 8:56 | Build | Mining Camp |
| 9:14 | Create | Villager (Male) |
| 9:22 | Create | Villager (Male) |
| 10:00 | Create | Villager (Male) |
| 10:09 | Build | Mining Camp |
| 10:26 | Research | Feudal Age |
| 10:55 | Create | Villager (Male) |
| 10:55 | Create | Villager (Male) |
| 11:57 | Build | House |
| 12:00 | Build | House |
| 12:20 | Build | Mill |
| 12:39 | Age | Feudal Age |
| 12:51 | Build | Stone Wall |
| 12:53 | Build | Stone Wall |
| 13:13 | Create | Villager (Male) |
| 13:13 | Create | Villager (Male) |
| 13:13 | Create | Villager (Male) |
| 13:30 | Build | Market |
| 13:39 | Create | Villager (Male) |
| 13:57 | Build | Stone Wall |
| 14:12 | Build | Blacksmith |
| 14:29 | Create | Villager (Male) |
| 14:42 | Build | Farm |
| 14:53 | Research | Castle Age |
| 14:57 | Build | Farm |
| 15:40 | Research | Double-Bit Axe |
| 15:53 | Build | Farm |
| 16:02 | Research | Horse Collar |
| 16:37 | Build | Farm |
| 16:41 | Create | Villager (Male) |
| 16:42 | Create | Villager (Male) |
| 16:50 | Build | Farm |
| 16:55 | Create | Villager (Male) |
| 17:01 | Build | House |
| 17:07 | Build | House |
| 17:11 | Build | House |
| 17:12 | Build | House |
| 17:49 | Age | Castle Age |
| 18:08 | Create | Villager (Male) |
| 18:08 | Create | Villager (Male) |
| 18:38 | Create | Villager (Male) |
| 18:53 | Build | Town Center |
| 19:27 | Create | Villager (Male) |
| 20:00 | Create | Villager (Male) |
| 20:00 | Create | Villager (Male) |
| 20:31 | Create | Villager (Male) |
| 20:32 | Create | Villager (Male) |
| 20:32 | Create | Villager (Male) |
| 20:32 | Create | Villager (Male) |
| 20:41 | Create | Villager (Male) |
| 20:41 | Create | Villager (Male) |
| 20:47 | Build | Town Center |
| 20:58 | Build | Farm |
| 21:08 | Build | Farm |
| 21:22 | Create | Villager (Male) |
| 21:24 | Create | Villager (Male) |
| 21:25 | Create | Villager (Male) |
| 21:25 | Create | Villager (Male) |
| 21:37 | Create | Villager (Male) |
| 21:38 | Create | Villager (Male) |
| 21:38 | Create | Villager (Male) |
| 21:38 | Create | Villager (Male) |
| 21:38 | Create | Villager (Male) |
| 21:54 | Build | Farm |
| 21:55 | Build | Farm |
| 22:00 | Create | Villager (Male) |
| 22:09 | Build | Farm |
| 22:17 | Build | Farm |
| 22:22 | Build | Farm |
| 22:23 | Build | Farm |
| 22:27 | Build | Farm |
| 22:34 | Build | Farm |
| 22:35 | Build | Farm |
| 22:39 | Build | Farm |
| 22:43 | Build | Farm |
| 22:47 | Build | Farm |
| 22:51 | Create | Villager (Male) |
| 22:51 | Create | Villager (Male) |
| 22:54 | Research | Wheelbarrow |
| 22:56 | Create | Villager (Male) |
| 23:00 | Research | Bow Saw |
| 23:12 | Build | Farm |
| 23:12 | Build | Farm |
| 23:22 | Research | Heavy Plow |
| 23:33 | Build | Farm |
| 23:37 | Create | Villager (Male) |
| 23:38 | Create | Villager (Male) |
| 23:47 | Create | Villager (Male) |
| 23:49 | Create | Villager (Male) |
| 23:50 | Create | Villager (Male) |
| 23:58 | Build | House |
| 24:00 | Build | House |
| 24:02 | Build | House |
| 24:03 | Build | House |
| 24:06 | Build | House |
| 24:20 | Build | Castle |
| 24:25 | Build | Mining Camp |
| 24:28 | Create | Villager (Male) |
| 24:28 | Create | Villager (Male) |
| 24:29 | Create | Villager (Male) |
| 24:30 | Create | Villager (Male) |
| 24:30 | Create | Villager (Male) |
| 24:41 | Build | Mill |
| 24:43 | Build | Farm |
| 24:43 | Build | Farm |
| 24:44 | Build | Farm |
| 24:44 | Build | Farm |
| 24:49 | Create | Villager (Male) |
| 24:49 | Create | Villager (Male) |
| 24:50 | Create | Villager (Male) |
| 25:00 | Build | Farm |
Build order — Perseus
First 150 of 801 actions detected
| 0:00 | Create | Villager (Male) |
| 0:01 | Create | Villager (Male) |
| 0:02 | Build | House |
| 0:04 | Build | House |
| 0:40 | Create | Villager (Male) |
| 0:40 | Create | Villager (Male) |
| 0:40 | Create | Villager (Male) |
| 0:41 | Create | Villager (Male) |
| 1:24 | Create | Villager (Male) |
| 1:24 | Create | Villager (Male) |
| 1:45 | Build | Lumber Camp |
| 2:06 | Create | Villager (Male) |
| 2:23 | Create | Villager (Male) |
| 2:23 | Create | Villager (Male) |
| 2:39 | Build | House |
| 2:52 | Create | Villager (Male) |
| 2:52 | Create | Villager (Male) |
| 3:19 | Build | Mill |
| 3:46 | Create | Villager (Male) |
| 4:11 | Create | Villager (Male) |
| 4:11 | Create | Villager (Male) |
| 4:50 | Build | Farm |
| 4:52 | Create | Villager (Male) |
| 4:52 | Create | Villager (Male) |
| 4:53 | Create | Villager (Male) |
| 5:18 | Build | Farm |
| 5:27 | Build | House |
| 5:33 | Create | Villager (Male) |
| 6:15 | Build | Lumber Camp |
| 6:30 | Create | Villager (Male) |
| 6:31 | Create | Villager (Male) |
| 6:31 | Create | Villager (Male) |
| 6:31 | Create | Villager (Male) |
| 6:41 | Create | Villager (Male) |
| 6:41 | Create | Villager (Male) |
| 6:44 | Create | Villager (Male) |
| 6:47 | Create | Villager (Male) |
| 7:21 | Build | House |
| 8:04 | Build | Mining Camp |
| 8:37 | Research | Feudal Age |
| 8:49 | Create | Villager (Male) |
| 8:50 | Research | Loom |
| 10:16 | Create | Villager (Male) |
| 10:41 | Age | Feudal Age |
| 10:42 | Build | Market |
| 10:47 | Build | Blacksmith |
| 11:23 | Create | Villager (Male) |
| 11:43 | Build | House |
| 12:07 | Research | Castle Age |
| 12:40 | Research | Double-Bit Axe |
| 12:41 | Research | Double-Bit Axe |
| 13:04 | Research | Horse Collar |
| 13:04 | Research | Horse Collar |
| 13:32 | Create | Villager (Male) |
| 14:33 | Age | Castle Age |
| 14:33 | Research | Heavy Plow |
| 14:34 | Research | Heavy Plow |
| 14:37 | Build | Town Center |
| 14:43 | Build | Town Center |
| 14:48 | Research | Bow Saw |
| 14:53 | Create | Villager (Male) |
| 15:04 | Build | Farm |
| 15:10 | Create | Villager (Male) |
| 15:28 | Build | Farm |
| 15:32 | Build | Farm |
| 15:34 | Build | Farm |
| 15:37 | Create | Villager (Male) |
| 15:37 | Create | Villager (Male) |
| 15:48 | Build | Farm |
| 15:54 | Build | Farm |
| 16:09 | Build | House |
| 16:12 | Build | House |
| 16:13 | Build | House |
| 16:19 | Create | Villager (Male) |
| 16:19 | Create | Villager (Male) |
| 16:24 | Create | Villager (Male) |
| 16:29 | Build | Farm |
| 16:32 | Build | Farm |
| 16:38 | Create | Villager (Male) |
| 16:38 | Create | Villager (Male) |
| 16:41 | Build | Farm |
| 16:45 | Create | Villager (Male) |
| 16:55 | Build | Farm |
| 16:59 | Build | Farm |
| 17:00 | Create | Villager (Male) |
| 17:11 | Build | Farm |
| 17:14 | Create | Villager (Male) |
| 17:17 | Build | Farm |
| 17:29 | Build | Farm |
| 17:31 | Create | Villager (Male) |
| 17:39 | Build | Farm |
| 17:39 | Create | Villager (Male) |
| 17:44 | Build | Farm |
| 17:46 | Create | Villager (Male) |
| 18:00 | Build | Farm |
| 18:01 | Create | Villager (Male) |
| 18:08 | Build | Farm |
| 18:11 | Create | Villager (Male) |
| 18:15 | Create | Villager (Male) |
| 18:21 | Build | Farm |
| 18:25 | Build | Farm |
| 18:35 | Build | Farm |
| 18:37 | Build | Farm |
| 18:37 | Create | Villager (Male) |
| 18:37 | Create | Villager (Male) |
| 18:38 | Create | Villager (Male) |
| 18:42 | Build | Farm |
| 18:46 | Build | Farm |
| 18:49 | Create | Villager (Male) |
| 18:55 | Create | Villager (Male) |
| 19:02 | Create | Villager (Male) |
| 19:14 | Create | Villager (Male) |
| 19:15 | Create | Villager (Male) |
| 19:24 | Create | Villager (Male) |
| 19:25 | Create | Villager (Male) |
| 19:36 | Build | Town Center |
| 19:36 | Create | Villager (Male) |
| 19:37 | Create | Villager (Male) |
| 19:37 | Create | Villager (Male) |
| 19:53 | Research | Gold Mining |
| 19:53 | Research | Gold Mining |
| 19:54 | Research | Gold Mining |
| 20:00 | Create | Villager (Male) |
| 20:00 | Create | Villager (Male) |
| 20:05 | Create | Villager (Male) |
| 20:09 | Build | House |
| 20:11 | Build | House |
| 20:13 | Build | House |
| 20:13 | Build | House |
| 20:19 | Create | Villager (Male) |
| 20:19 | Create | Villager (Male) |
| 20:20 | Create | Villager (Male) |
| 20:20 | Create | Villager (Male) |
| 20:41 | Research | Gold Shaft Mining |
| 20:42 | Research | Gold Shaft Mining |
| 20:51 | Build | Market |
| 20:52 | Build | Market |
| 20:55 | Create | Villager (Male) |
| 21:01 | Create | Villager (Male) |
| 21:09 | Build | Market |
| 21:16 | Build | Market |
| 21:17 | Create | Villager (Male) |
| 21:18 | Create | Villager (Male) |
| 21:18 | Create | Villager (Male) |
| 21:18 | Create | Villager (Male) |
| 21:19 | Create | Villager (Male) |
| 21:27 | Build | Farm |
| 21:29 | Create | Villager (Male) |
| 21:38 | Create | Villager (Male) |
| 21:43 | Create | Villager (Male) |
Build order — 苏沐卿
First 150 of 926 actions detected
| 0:01 | Create | Villager (Male) |
| 0:01 | Create | Villager (Male) |
| 0:01 | Create | Villager (Male) |
| 0:02 | Build | House |
| 0:03 | Build | House |
| 0:05 | Create | Villager (Male) |
| 0:06 | Create | Villager (Male) |
| 1:27 | Create | Villager (Male) |
| 1:45 | Build | Lumber Camp |
| 1:59 | Create | Villager (Male) |
| 1:59 | Create | Villager (Male) |
| 2:00 | Create | Villager (Male) |
| 2:26 | Create | Villager (Male) |
| 2:26 | Create | Villager (Male) |
| 3:13 | Create | Villager (Male) |
| 3:13 | Create | Villager (Male) |
| 3:22 | Build | House |
| 3:50 | Build | House |
| 3:58 | Create | Villager (Male) |
| 3:58 | Create | Villager (Male) |
| 3:58 | Create | Villager (Male) |
| 4:01 | Build | House |
| 4:54 | Research | Loom |
| 4:54 | Research | Loom |
| 4:54 | Create | Villager (Male) |
| 4:54 | Create | Villager (Male) |
| 5:17 | Research | Loom |
| 5:30 | Build | Mill |
| 6:12 | Create | Villager (Male) |
| 6:45 | Research | Feudal Age |
| 6:45 | Research | Feudal Age |
| 6:45 | Research | Feudal Age |
| 8:14 | Build | House |
| 8:18 | Create | Villager (Male) |
| 8:26 | Build | Barracks |
| 8:55 | Age | Feudal Age |
| 9:02 | Create | Villager (Male) |
| 9:04 | Build | Stable |
| 9:14 | Research | Double-Bit Axe |
| 9:14 | Research | Double-Bit Axe |
| 9:30 | Build | House |
| 9:36 | Create | Villager (Male) |
| 9:55 | Create | Villager (Male) |
| 9:58 | Build | House |
| 10:05 | Create | Scout Cavalry |
| 10:05 | Create | Scout Cavalry |
| 10:08 | Create | Villager (Male) |
| 10:33 | Create | Villager (Male) |
| 10:33 | Create | Villager (Male) |
| 10:37 | Build | Farm |
| 10:51 | Create | Scout Cavalry |
| 10:51 | Create | Scout Cavalry |
| 10:58 | Create | Villager (Male) |
| 11:02 | Build | Farm |
| 11:27 | Build | Farm |
| 11:29 | Create | Villager (Male) |
| 11:29 | Create | Villager (Male) |
| 11:29 | Create | Villager (Male) |
| 11:33 | Create | Scout Cavalry |
| 11:34 | Create | Scout Cavalry |
| 11:42 | Create | Villager (Male) |
| 11:52 | Research | Horse Collar |
| 11:52 | Research | Horse Collar |
| 11:56 | Build | Farm |
| 12:11 | Create | Villager (Male) |
| 12:11 | Create | Villager (Male) |
| 12:25 | Build | Farm |
| 12:27 | Build | Farm |
| 12:30 | Build | Market |
| 12:33 | Build | House |
| 12:35 | Create | Villager (Male) |
| 12:50 | Create | Villager (Male) |
| 13:04 | Build | Palisade Wall |
| 13:12 | Build | Palisade Wall |
| 13:17 | Create | Villager (Male) |
| 13:22 | Build | Farm |
| 13:22 | Build | Farm |
| 13:22 | Build | Farm |
| 13:23 | Build | Farm |
| 13:35 | Build | House |
| 13:45 | Create | Villager (Male) |
| 13:49 | Build | House |
| 13:53 | Build | Farm |
| 13:57 | Build | Farm |
| 14:00 | Build | House |
| 14:16 | Create | Villager (Male) |
| 14:37 | Create | Villager (Male) |
| 14:41 | Create | Villager (Male) |
| 14:41 | Create | Villager (Male) |
| 15:04 | Build | Farm |
| 15:08 | Build | Mining Camp |
| 15:11 | Build | Farm |
| 15:27 | Research | Wheelbarrow |
| 15:27 | Research | Wheelbarrow |
| 16:20 | Research | Gold Mining |
| 16:20 | Research | Gold Mining |
| 16:46 | Research | Castle Age |
| 16:46 | Research | Castle Age |
| 17:33 | Create | Villager (Male) |
| 17:48 | Build | Farm |
| 18:09 | Build | House |
| 18:31 | Create | Villager (Male) |
| 18:37 | Build | House |
| 19:02 | Build | House |
| 19:34 | Age | Castle Age |
| 19:38 | Build | Town Center |
| 19:41 | Build | Town Center |
| 19:47 | Build | Town Center |
| 19:55 | Build | Town Center |
| 20:01 | Research | Bow Saw |
| 20:01 | Research | Bow Saw |
| 20:02 | Research | Heavy Plow |
| 20:03 | Research | Heavy Plow |
| 20:17 | Create | Villager (Male) |
| 20:38 | Create | Villager (Male) |
| 20:44 | Build | Town Center |
| 20:55 | Create | Villager (Male) |
| 20:55 | Create | Villager (Male) |
| 21:09 | Create | Villager (Male) |
| 21:18 | Create | Villager (Male) |
| 21:19 | Create | Villager (Male) |
| 21:21 | Create | Villager (Male) |
| 21:24 | Create | Villager (Male) |
| 21:34 | Create | Villager (Male) |
| 21:37 | Create | Villager (Male) |
| 21:39 | Create | Villager (Male) |
| 21:41 | Build | Farm |
| 21:45 | Build | Farm |
| 21:46 | Create | Villager (Male) |
| 21:47 | Build | Farm |
| 21:48 | Create | Villager (Male) |
| 21:53 | Create | Villager (Male) |
| 22:02 | Create | Villager (Male) |
| 22:02 | Create | Villager (Male) |
| 22:04 | Build | Farm |
| 22:07 | Build | Farm |
| 22:10 | Build | Farm |
| 22:12 | Build | Farm |
| 22:14 | Create | Villager (Male) |
| 22:25 | Build | Farm |
| 22:26 | Create | Villager (Male) |
| 22:26 | Create | Villager (Male) |
| 22:29 | Build | Farm |
| 22:30 | Create | Villager (Male) |
| 22:31 | Build | Farm |
| 22:33 | Create | Villager (Male) |
| 22:35 | Build | Farm |
| 22:37 | Build | Farm |
| 22:39 | Create | Villager (Male) |
| 22:48 | Create | Villager (Male) |
Build order — 马大帅
First 150 of 447 actions detected
| 0:02 | Create | Villager (Male) |
| 0:02 | Create | Villager (Male) |
| 0:02 | Create | Villager (Male) |
| 0:03 | Create | Villager (Male) |
| 0:03 | Create | Villager (Male) |
| 0:04 | Build | House |
| 0:06 | Build | House |
| 0:15 | Research | Loom |
| 0:23 | Build | Palisade Wall |
| 0:28 | Build | Palisade Wall |
| 0:52 | Create | Villager (Male) |
| 0:52 | Create | Villager (Male) |
| 0:52 | Create | Villager (Male) |
| 2:51 | Create | Villager (Male) |
| 3:09 | Create | Villager (Male) |
| 3:09 | Create | Villager (Male) |
| 3:38 | Build | Lumber Camp |
| 3:43 | Create | Villager (Male) |
| 3:44 | Create | Villager (Male) |
| 4:02 | Create | Villager (Male) |
| 4:02 | Create | Villager (Male) |
| 4:03 | Create | Villager (Male) |
| 4:39 | Create | Villager (Male) |
| 4:39 | Create | Villager (Male) |
| 4:46 | Build | House |
| 4:55 | Create | Villager (Male) |
| 5:10 | Create | Villager (Male) |
| 5:10 | Create | Villager (Male) |
| 5:20 | Build | House |
| 5:47 | Create | Villager (Male) |
| 6:14 | Build | House |
| 6:21 | Create | Villager (Male) |
| 6:34 | Create | Villager (Male) |
| 7:18 | Create | Villager (Male) |
| 7:43 | Create | Villager (Male) |
| 7:43 | Create | Villager (Male) |
| 8:25 | Create | Villager (Male) |
| 8:48 | Build | Mill |
| 8:57 | Create | Villager (Male) |
| 9:22 | Create | Villager (Male) |
| 9:39 | Create | Villager (Male) |
| 9:52 | Build | Mining Camp |
| 10:12 | Research | Feudal Age |
| 10:23 | Build | House |
| 10:25 | Build | House |
| 10:39 | Build | Farm |
| 10:42 | Build | Farm |
| 10:44 | Build | Farm |
| 11:46 | Create | Villager (Male) |
| 11:47 | Create | Villager (Male) |
| 12:23 | Age | Feudal Age |
| 12:27 | Build | Market |
| 12:30 | Create | Villager (Male) |
| 13:22 | Create | Villager (Male) |
| 13:25 | Build | Blacksmith |
| 13:56 | Research | Castle Age |
| 14:48 | Research | Double-Bit Axe |
| 14:53 | Research | Horse Collar |
| 15:10 | Build | Farm |
| 15:13 | Build | Farm |
| 15:41 | Create | Villager (Male) |
| 15:42 | Create | Villager (Male) |
| 16:03 | Build | Mining Camp |
| 16:43 | Age | Castle Age |
| 17:09 | Build | Town Center |
| 17:14 | Create | Villager (Male) |
| 17:32 | Build | Farm |
| 17:38 | Build | Farm |
| 17:41 | Create | Villager (Male) |
| 18:22 | Build | Town Center |
| 18:28 | Build | Farm |
| 18:30 | Create | Villager (Male) |
| 18:31 | Create | Villager (Male) |
| 18:31 | Create | Villager (Male) |
| 18:36 | Create | Villager (Male) |
| 18:46 | Build | Farm |
| 18:50 | Create | Villager (Male) |
| 19:02 | Build | Farm |
| 19:05 | Create | Villager (Male) |
| 19:22 | Build | House |
| 19:24 | Build | House |
| 19:25 | Build | House |
| 19:27 | Create | Villager (Male) |
| 19:27 | Create | Villager (Male) |
| 19:29 | Create | Villager (Male) |
| 19:38 | Build | Farm |
| 19:40 | Build | Farm |
| 19:46 | Build | Farm |
| 19:47 | Create | Villager (Male) |
| 19:55 | Create | Villager (Male) |
| 19:59 | Create | Villager (Male) |
| 19:59 | Create | Villager (Male) |
| 20:03 | Build | Farm |
| 20:06 | Build | Farm |
| 20:08 | Create | Villager (Male) |
| 20:17 | Build | Farm |
| 20:26 | Create | Villager (Male) |
| 20:26 | Create | Villager (Male) |
| 20:37 | Create | Villager (Male) |
| 20:38 | Create | Villager (Male) |
| 20:50 | Build | Farm |
| 20:51 | Create | Villager (Male) |
| 21:00 | Create | Villager (Male) |
| 21:01 | Create | Villager (Male) |
| 21:07 | Build | Farm |
| 21:11 | Build | Farm |
| 21:13 | Create | Villager (Male) |
| 21:13 | Create | Villager (Male) |
| 21:20 | Build | Farm |
| 21:22 | Build | Farm |
| 21:26 | Build | Farm |
| 21:30 | Build | Farm |
| 21:35 | Create | Villager (Male) |
| 21:35 | Create | Villager (Male) |
| 21:38 | Build | Farm |
| 21:40 | Create | Villager (Male) |
| 21:43 | Create | Villager (Male) |
| 21:49 | Build | House |
| 21:50 | Build | House |
| 21:51 | Build | House |
| 21:53 | Create | Villager (Male) |
| 21:56 | Create | Villager (Male) |
| 22:02 | Build | Farm |
| 22:04 | Build | Farm |
| 22:06 | Build | Farm |
| 22:08 | Create | Villager (Male) |
| 22:08 | Create | Villager (Male) |
| 22:21 | Build | Farm |
| 22:25 | Build | Farm |
| 22:26 | Create | Villager (Male) |
| 22:26 | Create | Villager (Male) |
| 22:41 | Create | Villager (Male) |
| 22:41 | Create | Villager (Male) |
| 22:43 | Create | Villager (Male) |
| 22:55 | Build | Town Center |
| 22:58 | Create | Villager (Male) |
| 22:59 | Create | Villager (Male) |
| 23:07 | Build | House |
| 23:08 | Build | House |
| 23:09 | Build | House |
| 23:12 | Create | Villager (Male) |
| 23:12 | Create | Villager (Male) |
| 23:18 | Research | Wheelbarrow |
| 23:26 | Create | Villager (Male) |
| 23:30 | Create | Villager (Male) |
| 23:39 | Build | Farm |
| 23:39 | Build | Farm |
| 23:39 | Build | Farm |
| 23:39 | Build | Farm |
| 23:48 | Build | Farm |
Build order — Ares
First 150 of 548 actions detected
| 0:03 | Research | Loom |
| 0:04 | Create | Villager (Male) ×4 |
| 0:04 | Create | Villager (Male) ×4 |
| 0:06 | Build | House |
| 0:07 | Build | House |
| 0:30 | Build | Palisade Wall |
| 1:44 | Build | Lumber Camp |
| 2:27 | Create | Villager (Male) |
| 2:27 | Create | Villager (Male) |
| 3:10 | Create | Villager (Male) |
| 3:10 | Create | Villager (Male) |
| 3:32 | Create | Villager (Male) |
| 3:32 | Create | Villager (Male) |
| 4:04 | Create | Villager (Male) |
| 4:23 | Create | Villager (Male) |
| 4:23 | Create | Villager (Male) |
| 4:59 | Build | House |
| 5:25 | Create | Villager (Male) |
| 5:26 | Create | Villager (Male) |
| 5:31 | Build | Mill |
| 5:49 | Create | Villager (Male) |
| 5:49 | Create | Villager (Male) |
| 6:08 | Create | Villager (Male) |
| 6:08 | Create | Villager (Male) |
| 6:28 | Create | Villager (Male) |
| 6:28 | Create | Villager (Male) |
| 6:55 | Create | Villager (Male) |
| 6:55 | Create | Villager (Male) |
| 7:58 | Create | Villager (Male) |
| 7:58 | Create | Villager (Male) |
| 8:27 | Create | Villager (Male) |
| 8:27 | Create | Villager (Male) |
| 8:31 | Build | House |
| 8:41 | Build | Mill |
| 9:08 | Create | Villager (Male) |
| 9:35 | Create | Villager (Male) |
| 9:48 | Build | Palisade Wall |
| 9:51 | Create | Villager (Male) |
| 9:54 | Build | House |
| 10:21 | Build | Mining Camp |
| 10:32 | Create | Villager (Male) |
| 11:03 | Create | Villager (Male) |
| 11:33 | Build | Palisade Wall |
| 11:38 | Build | Farm |
| 11:40 | Research | Feudal Age |
| 12:03 | Create | Villager (Male) |
| 12:03 | Create | Villager (Male) |
| 12:03 | Create | Villager (Male) |
| 12:04 | Create | Villager (Male) |
| 12:09 | Create | Villager (Male) |
| 13:33 | Build | Farm |
| 13:34 | Build | Farm |
| 13:34 | Build | Farm |
| 13:34 | Build | Farm |
| 13:35 | Build | Farm |
| 13:35 | Build | Farm |
| 13:35 | Build | Farm |
| 13:36 | Build | Farm |
| 13:50 | Age | Feudal Age |
| 13:57 | Build | Stone Wall |
| 14:10 | Build | Stone Wall |
| 14:19 | Build | House |
| 14:32 | Build | Market |
| 14:39 | Build | Blacksmith |
| 15:10 | Build | Stone Wall |
| 15:22 | Build | Mining Camp |
| 15:27 | Create | Villager (Male) |
| 15:57 | Create | Villager (Male) |
| 16:15 | Research | Castle Age |
| 16:15 | Research | Castle Age |
| 16:22 | Research | Double-Bit Axe |
| 16:38 | Research | Horse Collar |
| 16:51 | Build | House |
| 16:52 | Build | House |
| 16:59 | Create | Villager (Male) |
| 17:00 | Create | Villager (Male) |
| 17:29 | Research | Gold Mining |
| 18:00 | Research | Stone Mining |
| 18:37 | Research | Forging |
| 19:02 | Age | Castle Age |
| 19:04 | Build | Monastery |
| 19:16 | Research | Bow Saw |
| 19:31 | Build | Castle |
| 19:37 | Create | Villager (Male) |
| 19:37 | Create | Villager (Male) |
| 19:45 | Create | Monk |
| 19:46 | Create | Monk |
| 20:08 | Build | Mill |
| 20:26 | Create | Villager (Male) |
| 20:27 | Create | Villager (Male) |
| 20:44 | Create | Monk |
| 21:09 | Create | Villager (Male) |
| 21:17 | Research | Gold Shaft Mining |
| 21:34 | Create | Monk |
| 21:46 | Create | Villager (Male) |
| 21:52 | Build | Town Center |
| 21:57 | Create | Villager (Male) |
| 21:57 | Create | Villager (Male) |
| 22:10 | Build | University |
| 22:54 | Create | Villager (Male) |
| 23:11 | Create | Villager (Male) |
| 23:11 | Create | Villager (Male) |
| 23:11 | Create | Villager (Male) |
| 23:12 | Create | Villager (Male) |
| 23:12 | Create | Villager (Male) |
| 23:12 | Create | Villager (Male) |
| 23:18 | Build | Farm |
| 23:29 | Research | Fortified Wall (upgrade) |
| 23:29 | Research | Fortified Wall (upgrade) |
| 23:40 | Build | Farm |
| 23:43 | Create | Villager (Male) |
| 23:43 | Create | Villager (Male) |
| 24:10 | Build | Farm |
| 24:12 | Create | Villager (Male) |
| 24:24 | Research | Heavy Plow |
| 24:24 | Research | Heavy Plow |
| 24:42 | Create | Villager (Male) |
| 24:48 | Build | Farm |
| 25:00 | Create | Villager (Male) |
| 25:06 | Build | Farm |
| 25:24 | Create | Villager (Male) |
| 25:27 | Build | Farm |
| 25:48 | Create | Villager (Male) |
| 25:48 | Create | Villager (Male) |
| 25:49 | Create | Villager (Male) |
| 25:49 | Create | Villager (Male) |
| 25:49 | Create | Villager (Male) |
| 25:49 | Create | Villager (Male) |
| 25:53 | Build | Farm |
| 25:59 | Create | Villager (Male) |
| 26:07 | Build | Castle |
| 26:13 | Create | Villager (Male) |
| 26:16 | Build | Farm |
| 26:26 | Build | Farm |
| 26:27 | Build | Farm |
| 26:29 | Build | Farm |
| 26:33 | Create | Villager (Male) |
| 26:38 | Build | Farm |
| 26:40 | Build | Farm |
| 26:45 | Build | Farm |
| 26:47 | Create | Villager (Male) |
| 26:47 | Create | Villager (Male) |
| 27:20 | Build | Farm |
| 27:23 | Create | Villager (Male) |
| 27:24 | Create | Villager (Male) |
| 27:27 | Create | Villager (Male) |
| 27:27 | Create | Villager (Male) |
| 27:35 | Build | Farm |
| 27:58 | Build | Farm |
| 28:01 | Create | Villager (Male) |
Build order — Louis supertramp
First 150 of 1330 actions detected
| 0:03 | Create | Villager (Male) |
| 0:03 | Create | Villager (Male) |
| 0:03 | Create | Villager (Male) |
| 0:04 | Build | House |
| 0:06 | Build | House |
| 0:22 | Create | Villager (Male) |
| 0:45 | Research | Loom |
| 0:45 | Create | Villager (Male) |
| 0:45 | Create | Villager (Male) |
| 0:45 | Create | Villager (Male) |
| 1:20 | Build | Palisade Wall |
| 1:31 | Build | Palisade Wall |
| 1:53 | Create | Villager (Male) |
| 1:53 | Create | Villager (Male) |
| 2:21 | Build | Palisade Wall |
| 2:24 | Create | Villager (Male) |
| 2:24 | Create | Villager (Male) |
| 2:37 | Build | Lumber Camp |
| 2:40 | Create | Villager (Male) |
| 3:22 | Create | Villager (Male) |
| 3:22 | Create | Villager (Male) |
| 3:34 | Create | Villager (Male) |
| 4:10 | Create | Villager (Male) |
| 4:10 | Create | Villager (Male) |
| 4:28 | Build | House |
| 4:46 | Create | Villager (Male) |
| 4:46 | Create | Villager (Male) |
| 5:25 | Create | Villager (Male) |
| 5:25 | Create | Villager (Male) |
| 5:46 | Build | Mill |
| 6:19 | Create | Villager (Male) |
| 6:20 | Create | Villager (Male) |
| 6:21 | Create | Villager (Male) |
| 6:21 | Create | Villager (Male) |
| 6:29 | Build | House |
| 6:53 | Create | Villager (Male) |
| 6:53 | Create | Villager (Male) |
| 6:56 | Build | Farm |
| 6:56 | Build | Farm |
| 7:30 | Create | Villager (Male) |
| 7:30 | Create | Villager (Male) |
| 7:34 | Build | Farm |
| 7:52 | Create | Villager (Male) |
| 8:04 | Create | Villager (Male) |
| 8:10 | Create | Villager (Male) |
| 8:17 | Create | Villager (Male) |
| 8:27 | Build | House |
| 8:30 | Create | Villager (Male) |
| 8:30 | Create | Villager (Male) |
| 8:36 | Create | Villager (Male) |
| 9:09 | Build | Mining Camp |
| 9:27 | Create | Villager (Male) |
| 9:50 | Research | Feudal Age |
| 10:11 | Build | Mining Camp |
| 12:13 | Age | Feudal Age |
| 12:18 | Build | Market |
| 12:22 | Build | Blacksmith |
| 12:23 | Create | Villager (Male) |
| 12:23 | Create | Villager (Male) |
| 12:40 | Build | House |
| 13:32 | Research | Castle Age |
| 14:49 | Build | House |
| 15:29 | Research | Double-Bit Axe |
| 15:31 | Research | Horse Collar |
| 16:12 | Age | Castle Age |
| 16:15 | Build | Town Center |
| 16:19 | Build | Town Center |
| 16:22 | Create | Villager (Male) |
| 16:46 | Research | Heavy Plow |
| 16:52 | Build | Town Center |
| 16:55 | Build | Farm |
| 16:57 | Create | Villager (Male) |
| 17:29 | Build | Farm |
| 17:30 | Build | Farm |
| 17:47 | Research | Bow Saw |
| 17:47 | Research | Bow Saw |
| 17:47 | Research | Bow Saw |
| 17:59 | Build | Farm |
| 17:59 | Build | Farm |
| 17:59 | Build | Farm |
| 18:05 | Build | Farm |
| 18:06 | Build | Farm |
| 18:06 | Build | Farm |
| 18:33 | Create | Villager (Male) |
| 18:33 | Create | Villager (Male) |
| 18:37 | Build | Farm |
| 18:51 | Create | Villager (Male) |
| 18:51 | Create | Villager (Male) |
| 19:00 | Build | Farm |
| 19:30 | Create | Villager (Male) |
| 19:30 | Create | Villager (Male) |
| 19:34 | Build | Farm |
| 19:41 | Build | Farm |
| 19:42 | Create | Villager (Male) |
| 19:55 | Build | Castle |
| 20:00 | Create | Villager (Male) |
| 20:12 | Build | Farm |
| 20:14 | Create | Villager (Male) |
| 20:16 | Build | Farm |
| 20:16 | Build | Farm |
| 20:23 | Create | Villager (Male) |
| 20:35 | Create | Villager (Male) |
| 20:35 | Create | Villager (Male) |
| 20:41 | Build | Farm |
| 20:55 | Create | Villager (Male) |
| 20:56 | Create | Villager (Male) |
| 20:57 | Create | Villager (Male) |
| 21:01 | Build | Farm |
| 21:04 | Build | Farm |
| 21:05 | Create | Villager (Male) |
| 21:05 | Create | Villager (Male) |
| 21:11 | Create | Villager (Male) |
| 21:12 | Create | Villager (Male) |
| 21:21 | Build | Farm |
| 21:23 | Create | Villager (Male) |
| 21:32 | Create | Villager (Male) |
| 21:43 | Create | Villager (Male) |
| 21:45 | Create | Villager (Male) |
| 21:46 | Create | Villager (Male) |
| 21:55 | Build | Farm |
| 21:56 | Build | Farm |
| 21:58 | Create | Villager (Male) |
| 22:02 | Create | Villager (Male) |
| 22:06 | Build | Farm |
| 22:07 | Create | Villager (Male) |
| 22:09 | Create | Villager (Male) |
| 22:14 | Build | House |
| 22:15 | Build | House |
| 22:21 | Research | Town Watch |
| 22:25 | Create | Villager (Male) |
| 22:34 | Create | Villager (Male) |
| 22:43 | Build | House |
| 22:44 | Build | House |
| 22:46 | Create | Villager (Male) |
| 22:56 | Create | Villager (Male) |
| 22:59 | Create | Villager (Male) |
| 23:03 | Build | Farm |
| 23:05 | Create | Villager (Male) |
| 23:10 | Create | Villager (Male) |
| 23:12 | Build | Farm |
| 23:12 | Build | Farm |
| 23:14 | Create | Villager (Male) |
| 23:18 | Build | Farm |
| 23:19 | Create | Villager (Male) |
| 23:33 | Research | Wheelbarrow |
| 23:33 | Research | Wheelbarrow |
| 23:35 | Create | Villager (Male) |
| 23:37 | Create | Villager (Male) |
| 23:40 | Create | Longbowman |
| 23:43 | Create | Villager (Male) |
Match timeline
| 0:23 | 马大帅 · wall_segment Palisade Wall x5 |
| 0:28 | 马大帅 · wall_segment Palisade Wall x8 |
| 0:30 | Ares · wall_segment Palisade Wall x15 |
| 1:20 | Louis supertramp · wall_segment Palisade Wall x10 |
| 1:28 | Zeus101 · wall_segment Palisade Wall x8 |
| 1:31 | Louis supertramp · wall_segment Palisade Wall x1 |
| 2:21 | Louis supertramp · wall_segment Palisade Wall x1 |
| 2:45 | Zeus101 · wall_segment Palisade Wall x8 |
| 8:26 | 苏沐卿 · first_building Barracks |
| 8:55 | 苏沐卿 · age_up feudal |
| 9:04 | 苏沐卿 · first_building Stable |
| 9:48 | Ares · wall_segment Palisade Wall x11 |
| 10:41 | Perseus · age_up feudal |
| 11:33 | Ares · wall_segment Palisade Wall x12 |
| 12:13 | Louis supertramp · age_up feudal |
| 12:23 | 马大帅 · age_up feudal |
| 12:39 | Zeus101 · age_up feudal |
| 12:51 | Zeus101 · wall_segment Stone Wall x10 |
| 12:53 | Zeus101 · wall_segment Stone Wall x6 |
| 13:04 | 苏沐卿 · wall_segment Palisade Wall x1 |
| 13:12 | 苏沐卿 · wall_segment Palisade Wall x1 |
| 13:50 | Ares · age_up feudal |
| 13:57 | Zeus101 · wall_segment Stone Wall x7 |
| 13:57 | Ares · wall_segment Stone Wall x5 |
| 14:10 | Ares · wall_segment Stone Wall x3 |
| 14:33 | Perseus · age_up castle |
| 15:10 | Ares · wall_segment Stone Wall x1 |
| 16:12 | Louis supertramp · age_up castle |
| 16:40 | 苏沐卿 · first_market_sell 100 wood |
| 16:43 | 马大帅 · age_up castle |
| 17:36 | Louis supertramp · first_market_buy 100 food |
| 17:47 | 马大帅 · first_market_buy 100 food |
| 17:49 | Zeus101 · age_up castle |
| 19:02 | Ares · age_up castle |
| 19:04 | Ares · first_building Monastery |
| 19:31 | Ares · first_building Castle |
| 19:34 | 苏沐卿 · age_up castle |
| 19:52 | 苏沐卿 · first_market_buy 100 stone |
| 19:55 | Louis supertramp · first_building Castle |
| 23:25 | Ares · first_market_buy 100 food |
| 24:14 | 马大帅 · first_building Castle |
| 24:20 | Zeus101 · first_building Castle |
| 24:44 | Perseus · first_building Barracks |
| 25:40 | 苏沐卿 · first_building Monastery |
| 25:41 | Perseus · first_building Castle |
| 25:50 | Perseus · first_building Stable |
| 26:49 | Zeus101 · first_market_buy 100 stone |
| 27:36 | Perseus · first_market_sell 500 food |
| 28:45 | 马大帅 · first_building Monastery |
| 29:09 | 马大帅 · first_building Barracks |
| 29:21 | Zeus101 · first_market_sell 500 food |
| 29:52 | 苏沐卿 · first_building Siege Workshop |
| 30:11 | 马大帅 · first_building Stable |
| 30:19 | Louis supertramp · first_building Monastery |
| 30:58 | Perseus · age_up imperial |
| 31:05 | Louis supertramp · age_up imperial |
| 31:15 | 苏沐卿 · age_up imperial |
| 31:23 | 马大帅 · first_building Siege Workshop |
| 31:27 | 苏沐卿 · first_building Castle |
| 31:41 | Louis supertramp · first_market_sell 100 food |
| 32:00 | 马大帅 · age_up imperial |
| 32:26 | Louis supertramp · first_building Barracks |
| 32:49 | Louis supertramp · wall_segment Stone Wall x12 |
| 33:06 | Ares · first_building Siege Workshop |
| 33:06 | Zeus101 · age_up imperial |
| 33:21 | Perseus · first_market_buy 500 stone |
| 33:54 | Zeus101 · first_building Barracks |
| 34:48 | Ares · age_up imperial |
| 38:22 | Zeus101 · tribute_sent a jugador 1 |
| 38:22 | Zeus101 · tribute_sent a jugador 2 |
| 38:22 | Zeus101 · tribute_sent a jugador 4 |
| 38:22 | Zeus101 · tribute_sent a jugador 5 |
| 38:22 | Zeus101 · tribute_sent a jugador 6 |
| 40:15 | 马大帅 · wall_segment Stone Wall x6 |
| 41:07 | Zeus101 · first_building Siege Workshop |
| 41:40 | Zeus101 · first_building Stable |
| 42:33 | Zeus101 · tribute_sent a jugador 1 |
| 42:33 | Zeus101 · tribute_sent a jugador 2 |
| 42:33 | Zeus101 · tribute_sent a jugador 4 |
| 42:33 | Zeus101 · tribute_sent a jugador 5 |
| 42:33 | Zeus101 · tribute_sent a jugador 6 |
| 43:47 | Perseus · first_building Monastery |
| 47:25 | Ares · first_building Barracks |
| 47:53 | 苏沐卿 · tribute_sent a jugador 1 |
| 47:53 | 苏沐卿 · tribute_sent a jugador 3 |
| 47:53 | 苏沐卿 · tribute_sent a jugador 4 |
| 47:53 | 苏沐卿 · tribute_sent a jugador 5 |
| 47:53 | 苏沐卿 · tribute_sent a jugador 6 |
| 48:05 | Ares · first_building Stable |
| 48:09 | 苏沐卿 · tribute_sent a jugador 1 |
| 48:09 | 苏沐卿 · tribute_sent a jugador 3 |
| 48:09 | 苏沐卿 · tribute_sent a jugador 4 |
| 48:09 | 苏沐卿 · tribute_sent a jugador 5 |
| 48:09 | 苏沐卿 · tribute_sent a jugador 6 |
| 50:48 | Louis supertramp · tribute_sent a jugador 1 |
| 50:48 | Louis supertramp · tribute_sent a jugador 2 |
| 50:48 | Louis supertramp · tribute_sent a jugador 3 |
| 50:48 | Louis supertramp · tribute_sent a jugador 4 |
| 50:48 | Louis supertramp · tribute_sent a jugador 5 |
| 52:05 | 苏沐卿 · tribute_sent a jugador 1 |
| 52:05 | 苏沐卿 · tribute_sent a jugador 3 |
| 52:05 | 苏沐卿 · tribute_sent a jugador 4 |
| 52:05 | 苏沐卿 · tribute_sent a jugador 5 |
| 52:05 | 苏沐卿 · tribute_sent a jugador 6 |
| 59:12 | 苏沐卿 · tribute_sent a jugador 1 |
| 59:12 | 苏沐卿 · tribute_sent a jugador 3 |
| 59:12 | 苏沐卿 · tribute_sent a jugador 4 |
| 59:12 | 苏沐卿 · tribute_sent a jugador 5 |
| 59:12 | 苏沐卿 · tribute_sent a jugador 6 |
| 60:23 | Ares · tribute_sent a jugador 1 |
| 60:23 | Ares · tribute_sent a jugador 2 |
| 60:23 | Ares · tribute_sent a jugador 3 |
| 60:23 | Ares · tribute_sent a jugador 4 |
| 60:23 | Ares · tribute_sent a jugador 6 |
| 61:18 | Zeus101 · first_building Archery Range |
| 63:36 | 苏沐卿 · tribute_sent a jugador 1 |
| 63:36 | 苏沐卿 · tribute_sent a jugador 3 |
| 63:36 | 苏沐卿 · tribute_sent a jugador 4 |
| 63:36 | 苏沐卿 · tribute_sent a jugador 5 |
| 63:36 | 苏沐卿 · tribute_sent a jugador 6 |
| 63:47 | Ares · first_market_sell 500 food |
| 66:04 | Louis supertramp · first_building Archery Range |
| 67:10 | 苏沐卿 · tribute_sent a jugador 1 |
| 67:10 | 苏沐卿 · tribute_sent a jugador 3 |
| 67:10 | 苏沐卿 · tribute_sent a jugador 4 |
| 67:10 | 苏沐卿 · tribute_sent a jugador 5 |
| 67:10 | 苏沐卿 · tribute_sent a jugador 6 |
| 67:30 | Louis supertramp · tribute_sent a jugador 1 |
| 67:30 | Louis supertramp · tribute_sent a jugador 2 |
| 67:30 | Louis supertramp · tribute_sent a jugador 3 |
| 67:30 | Louis supertramp · tribute_sent a jugador 4 |
| 67:30 | Louis supertramp · tribute_sent a jugador 5 |
| 68:05 | Louis supertramp · resign |
[ AI ANALYSIS · 1 CREDIT ]
What really happened in this match?
Wolo.gg analyzes every decision: build order, eco, micro, common mistakes by bracket. Personalized analysis on WhatsApp or Discord in 30 seconds.
Civ guide
Jurchens
Perfil
Jugador #1458891